Umenahisha, neutral female human Wizard ----------- |...s@q...| |../.rqx..------------- ---....ks.q...........------------ --..i.s................?.......--------- Z --.....<............?...................................+..........- --......)........` ..........................)..................-- --....D..........%.. ...)....................................-- --M...s.........................).....*......................-- -.....?.........i..r..*.....................................- ..d......................+...................................- ..q...........................................................- ..?....................o......Z.................................- ........F................/.--------- ?...........................- .................------------ ---------- ............<....- .{..>.------------- ---------- ..{....| .....?| ...| -------- ---- Umenahisha the Thaumaturge Experience level: 6 Strength: 12 Dexterity: 10 Constitution: 16 Intelligence: 18 Wisdom: 14 Charisma: 9 Health: 0(40) Energy: 12(61) Def: 1 Gold: 1116 Moves: 3223 Dungeon seed: 6ZLbxatEc-EhBBjN Game ID: Umenahisha_1487278667 Your Inventory: Coins $ - 1116 gold pieces Amulets t - an uncursed amulet of reflection Weapons a - a blessed +1 quarterstaff r - 6 +2 darts (in quiver) A - the +0 Sting (weapon in hand) R - 10 +0 darts X - a +0 orcish dagger Armor e - a blessed +0 cloak of magic resistance (being worn) z - an uncursed +0 mummy wrapping N - an uncursed rusty +0 orcish helm Scrolls i - 2 uncursed scrolls of destroy armor j - an uncursed scroll of magic mapping k - an uncursed scroll of food detection x - an uncursed scroll of teleportation C - a blessed scroll of amnesia G - an uncursed scroll of identify Q - an uncursed scroll of stinking cloud U - an uncursed scroll of enchant armor Z - a blessed scroll of stinking cloud Spellbooks l - a blessed spellbook of force bolt I - an uncursed spellbook of light W - an uncursed spellbook of magic mapping Potions f - 2 uncursed potions of see invisible g - a blessed potion of gain energy h - an uncursed potion of water K - a cursed potion of sickness L - an uncursed potion of speed S - an uncursed potion of oil V - an uncursed potion of healing Rings c - an uncursed +2 ring of gain strength (on left hand) d - an uncursed ring of polymorph control v - an uncursed ring of fire resistance E - an uncursed ring of warning O - an uncursed ring of see invisible Wands b - a wand of speed monster (0:3) M - a wand of sleep (0:4) Tools n - an uncursed blindfold H - an uncursed sack Gems q - an uncursed worthless piece of yellow glass y - an uncursed aquamarine stone Y - an uncursed agate stone Contents of the sack: an uncursed spellbook of magic missile an uncursed spellbook of teleport away Spells and supernatural/magical abilities: Name Level Category Fail Memory a - force bolt 1 attack 0% 84% l - light 1 divination 0% 96% n - detect monsters 1 divination 0% 84% W - pray for help -- divine ? -- Your skills at the end: Fighting Skills Weapon Skills dagger [Basic] quarterstaff [Basic] Spellcasting Skills attack spells [Basic] enchantment spells [Basic] Final Attributes: You were piously aligned. You were magic-protected. You were aware of the presence of orcs. You were fast. You are dead. Vanquished creatures: The Oracle a leprechaun an orc mummy a blue jelly a snake a water nymph a rock mole 2 fog clouds a yellow light 2 shriekers a gnome lord a gnomish wizard 2 elf zombies a little dog a kitten a kobold shaman 3 hill orcs a rabid rat 3 dwarf zombies an iguana an acid blob 2 gas spores 3 hobbits 3 manes a hobgoblin 5 cave spiders a yellow mold a gnome zombie 5 geckos 13 jackals 3 foxes a goblin 6 grid bugs 3 lichens 6 newts 81 creatures vanquished. Voluntary challenges: You had been an atheist until turn 2884. You used a wielded weapon 70 times, starting on turn 260. You read items or engraved 8 times, starting on turn 382. You never genocided any monsters. You never polymorphed an object. You changed form 1 time, starting on turn 2878. You used no wishes. You never split a pudding. You wrote Elbereth's name 1 time, starting on turn 3217. You never violated your personal moral code. Dungeon overview: The Dungeons of Doom: levels 1 to 10 Level 1 a long staircase Level 2 a fountain a long staircase Level 3 Level 4 a sink Level 5 Level 6 some fountains Level 7 Level 8 a fountain Level 9 some fountains Level 10 <- You were here some fountains a long staircase History has recorded: On T:1 you entered the Dungeons of Doom to retrieve the Amulet of Yendor! On T:389 you reached level 2 of The Dungeons of Doom. On T:676 you reached level 3 of The Dungeons of Doom. On T:831 you advanced to experience level 2. On T:971 you reached level 4 of The Dungeons of Doom. On T:1060 you advanced to experience level 3. On T:1232 you reached level 5 of The Dungeons of Doom. On T:1566 you reached level 6 of The Dungeons of Doom. On T:1603 you advanced to experience level 4. On T:1912 you reached level 7 of The Dungeons of Doom. On T:2441 you reached level 8 of The Dungeons of Doom. On T:2528 you advanced to experience level 5. On T:2835 you reached level 9 of The Dungeons of Doom. On T:3092 you advanced to experience level 6. On T:3197 you reached level 10 of The Dungeons of Doom. Score breakdown: Gold: 1116 (10368 points) Experience: 6 levels (12456 points) Exploration: 10 levels ( 20.83%) (13127 points) Discoveries: 3 items ( 1.05%) ( 3067 points) Valuables value: (no points given unless you survive) Artifact value: 800 ( 9877 points) Variety of kills: 35 monsters ( 9.19%) ( 9092 points) Turncount: 3223 turns ( -705 points) Survival: died (score multiplied by 80%) Total score: 45825 Latest messages: The giant spider misses the baby silver dragon. The giant spider bites the baby silver dragon. You hit the rothe. The giant spider bites the baby silver dragon. You hit the rothe. (2x) The baby silver dragon bites the giant spider. The giant spider misses the baby silver dragon. The giant spider bites the baby silver dragon. You hit the rothe. The baby silver dragon bites the hobbit. The hobbit is killed! The centipede bites! The giant spider bites the baby silver dragon. You hit the rothe. (2x) The baby silver dragon bites the giant spider. The giant spider misses the baby silver dragon. The rothe hits! The rothe bites! (2x) The rock mole bites! The giant spider misses the baby silver dragon. (2x) Yecch! This stuff tastes like poison. (But in fact it was mildly stale slime mold juice.) The rothe hits! The rothe bites! You die... Final status: Goodbye Umenahisha the Wizard, killed by a rothe... You died in The Dungeons of Doom on dungeon level 10 with 45825 points, and 1116 pieces of gold, after 3223 moves. You were level 6 with a maximum of 40 hit points when you died.